[Event "*** Titled Tuesday Blitz"]
[Site "Chess.com"]
[Date "2020.05.12"]
[Round "1"]
[White "mfwagnerpeixoto"]
[Black "Gahan-MG"]
[Result "0-1"]
[WhiteElo "2246"]
[BlackElo "2577"]
[TimeControl "180+1"]
[EndTime "10:08:00 PDT"]
[Termination "Gahan-MG won by resignation"]

1. e4 c5 2. Nf3 e6 3. d4 cxd4 4. Nxd4 a6 5. g3 Nf6 6. Bg2 Qc7 7. O-O d6 8. Nc3 Be7 9. Re1 O-O 10. h3 Nbd7 11.
a4 Rb8 12. a5 b5 13. axb6 Nxb6 14. Nb3 Nc4 15. Ra4 a5 16. Qe2 Ba6 17. Nxa5 Rfc8 18. Nxc4 Bxc4 19. Qd1 Nd7 20. Kh2 Qb6 21. f4 Nf8 22. Qd2 Bf6 23. e5 dxe5 24. fxe5 Be7 25. b3 Bb5 26. Nxb5 Qxb5 27. Rg4 h5 28. Rge4 Bb4 29. Qg5 Bxe1 30. Rxe1 Rxc2 31. Qxh5 Qd5 32. Re2 Rxe2 33. Qxe2 Qxb3 34. h4 Qc3 35. Qd2 Qxe5 36. Qf2 Rc8 37. Bf4 Qc5 38. Qe2 Ng6 39. Be3 Qc2 40.
Qxc2 Rxc2 41. Kh3 f5 42. h5 Ne5 43. Bd4 Ng4 44. Bg1 Kf7 45. Bf3 Nf6 46. Be3 e5 47.
Bg5 e4 48. Bd1 Rf2 49. Bb3+ Ke7 50. h6 gxh6 51. Bh4 Rf3 52. Bd1 Rd3 53. Bh5 Ke6 54. Bg6 e3 55. Kg2 e2 56. Kf2 Re3 57. Ke1 Ne4 58. Bh5 Nxg3 59. Bxg3 Rxg3 60. Kxe2 f4 61.
Kf2 Kf5 62. Be8 Kg5 63. Bd7 h5 0-1

[Event "*** Titled Tuesday Blitz"]
[Site "Chess.com"]
[Date "2020.05.12"]
[Round "1"]
[White "SerGo055"]
[Black "Duong57"]
[Result "0-1"]
[WhiteElo "2552"]
[BlackElo "2250"]
[TimeControl "180+1"]
[EndTime "10:08:00 PDT"]
[Termination "Duong57 won by resignation"]

1. d4 d5 2. Nf3 Nf6 3. c4 e6 4. Nc3 c6 5. Bg5 Be7 6. e3 Nbd7 7. Qc2 O-O 8. cxd5 exd5 9. Bd3 h6 10. Bh4 Re8 11. O-O Ne4 12. Bxe7 Qxe7 13. Bxe4 dxe4 14. Nd2 Nf6 15. Nc4 Bf5 16. Ne5 Rad8 17. Ne2 Nd5 18. a3 f6 19. Nc4 Qf7 20. Ng3 Bh7 21. b4 h5 22. Rab1 h4 23. Ne2 Bf5 24. h3 g5 25.
b5 cxb5 26. Rxb5 a6 27. Rc5 b5 28. Na5 g4 29. Kh2 g3+ 30. Kh1 Kh8 31. Qd2 Rg8 32.
f3 Bxh3 33. Rxd5 Bxg2+ 34. Kxg2 h3+ 35. Kg1 h2+ 36. Kg2 Qxd5 37. f4 Qh5 38. Nxg3 Qh4 39. Qf2 Rxg3+ 40. Qxg3 Rg8 41. Qxg8+ Kxg8 42. Rh1 Qg4+ 43.
Kxh2 Qe2+ 44. Kh3 Qxe3+ 45. Kg2 Qd2+ 46. Kg3 Qxa5 47. Rh5 Qxa3+ 48. Kg4 Qf3+ 49. Kh4 Qxf4+ 50. Kh3 Qf3+ 51. Kh4 Qxh5+ 52. Kxh5 e3 0-1

[Event "*** Titled Tuesday Blitz"]
[Site "Chess.com"]
[Date "2020.05.12"]
[Round "1"]
[White "Philos_85"]
[Black "DoHoChess"]
[Result "1-0"]
[WhiteElo "2250"]
[BlackElo "2536"]
[TimeControl "180+1"]
[EndTime "10:08:00 PDT"]
[Termination "Philos_85 won by resignation"]

1. d4 d5 2. Bf4 c5 3. e3 Nc6 4.
c3 Nf6 5. Nd2 e6 6. Ngf3 cxd4 7.
exd4 Nh5 8. Bg3 Nxg3 9. hxg3 Bd6 10. Bd3 g6 11. Qe2 O-O 12. Qe3 Qf6 13. Ng5 h5 14. Ndf3 e5 15. dxe5 Nxe5 16. Nxe5 Bxe5 17. Nf3 Bd6 18. O-O Bg4 19. Qg5 Qxg5 20. Nxg5 Rfe8 21. Rfe1 Kg7 22. Kf1 f6 23. Nf3 g5 24. Nd4 Bc5 25.
Nf5+ Bxf5 26. Bxf5 Re5 27. Bc2 Rae8 28. Bb3 b5 29.
Rxe5 Rxe5 30. Rd1 Rf5 31. Rd2 h4 32. gxh4 g4 33. g3 Be3 34. Re2 d4 35. cxd4 Bxd4 36. Kg2 a5 37. Be6 Re5 38. Rxe5 Bxe5 39. b3 Kg6 40. Bxg4 f5 41. Be2 b4 42. Bc4 Kf6 43. f3 Kg6 44. g4 fxg4 45. fxg4 Bf6 46. Kg3 Be5+ 47. Kf3 Bf6 48. Kg3 Be5+ 49. Kh3 Bf6 50. g5 Be5 51. Kg4 Bd6 52. h5+ Kg7 53. Kf5 Be7 54. h6+ Kh7 55. Bd3 Bd8 56. Kg4+ Kg8 57. g6 Bb6 58. g7 1-0

[Event "*** Titled Tuesday Blitz"]
[Site "Chess.com"]
[Date "2020.05.12"]
[Round "1"]
[White "not_najdorfs_player"]
[Black "Gajuchess"]
[Result "0-1"]
[WhiteElo "2376"]
[BlackElo "2714"]
[TimeControl "180+1"]
[EndTime "10:08:01 PDT"]
[Termination "Gajuchess won by resignation"]

1. e4 c5 2. Nf3 e6 3. d4 cxd4 4. Nxd4 a6 5. Bd3 Bc5 6. Nb3 Be7 7. O-O d6 8. c4 Nf6 9. Nc3 Nbd7 10. f4 Qc7 11. Qe2 b6 12. Bd2 Bb7 13. Rae1 O-O 14. Kh1 g6 15. Nd4 Nc5 16. Bb1 e5 17. fxe5 dxe5 18. Nf3 Rfe8 19. Nd5 Nxd5 20. exd5 Bd6 21. Ng5 Re7 22. Qf2 f5 23. b4 Nd7 24. Rc1 e4 25. Ne6 Rxe6 26. dxe6 Nf8 27. c5 bxc5 28. bxc5 Be5 29. a4 Nxe6 30. Ba2 Re8 31. c6 Bc8 32. Qc5 Bxh2 33. Ba5 Qg3 34. Qc3 Qh4 35. Qh3 Qxh3 36. gxh3 Be5 37. Rcd1 Kg7 38. Kg2 Nd4 39. Bc3 Nxc6 40.
Bxe5+ Nxe5 41. Rc1 Be6 42. Rc7+ Kf6 43. Bxe6 Rxe6 44.
Rxh7 Nd3 45. Rd1 e3 46. Rxd3 e2 47. Rh8 e1=Q 48. Rf8+ Kg5 0-1

[Event "*** Titled Tuesday Blitz"]
[Site "Chess.com"]
[Date "2020.05.12"]
[Round "1"]
[White "aNaartjieZA"]
[Black "AleksibFan"]
[Result "1-0"]
[WhiteElo "2598"]
[BlackElo "2282"]
[TimeControl "180+1"]
[EndTime "10:08:01 PDT"]
[Termination "aNaartjieZA won on time"]

1. e4 d5 2. exd5 Qxd5 3. Nc3 Qd6 4. Nf3 Nf6 5. d4 a6 6. Ne5 Nc6 7. Nc4 Qxd4 8. Bd3 Bg4 9. f3 Be6 10. Be3 Qd7 11. Qe2 Nb4 12. Be4 Nxe4 13. Nxe4 Qc6 14.
Na3 Bf5 15. c3 Nd5 16. Ng3 Nxe3 17. Qxe3 Bg6 18. h4 h6 19. h5 Bh7 20. Rd1 e6 21. Qd4 Qd6 22. Ne2 Qxd4 23. Rxd4 Bxa3 24. bxa3 Ke7 25. Rb4 b6 26. Kf2 Rhd8 27. Rd4 Bd3 28. Rd1 Bxe2 29. Kxe2 Rxd4 30. Rxd4 Rd8 31. Rg4 Rd5 32.
a4 Rg5 33. Rxg5 hxg5 34. Ke3 Kd6 35. Kd4 f5 36. g3 e5+ 37. Kc4 Kc6 38. a3 a5 39. Kd3 Kd5 40. c4+ Kc5 41. g4 e4+ 42. fxe4 fxg4 43. e5 g3 44. Ke3 Kc6 45. Kf3 Kd7 46.
Kxg3 Ke6 47. Kg4 Kxe5 48. Kxg5 Ke6 49. Kg6 1-0

[Event "*** Titled Tuesday Blitz"]
[Site "Chess.com"]
[Date "2020.05.12"]
[Round "1"]
[White "okriak"]
[Black "djano"]
[Result "0-1"]
[WhiteElo "2790"]
[BlackElo "2438"]
[TimeControl "180+1"]
[EndTime "10:08:02 PDT"]
[Termination "djano won by resignation"]

1. Nf3 Nf6 2. c4 e6 3. g3 d5 4. Bg2 Be7 5. d4 O-O 6. O-O dxc4 7. Qc2 a6 8. a4 Bd7 9. Qxc4 Bc6 10. Bf4 Nbd7 11.
Nc3 Bd6 12. Rfd1 Qe7 13. Bg5 h6 14. Bxf6 Nxf6 15. e3 Ne4 16. Ne5 Bxe5 17. Bxe4 Bxe4 18. Nxe4 Bd6 19. f4 c6 20. a5 Rad8 21. Kg2 Rd7 22. Rab1 Bb4 23. Ra1 Rfd8 24. Ra4 Bd6 25. b4 Bb8 26. Ra2 Rd5 27. Rad2 Ba7 28. Nc5 Bxc5 29. bxc5 Qc7 30. Qb4 R8d7 31. Rb1 Qd8 32. Rdb2 Qe7 33.
Qc3 f6 34. Rb4 e5 35. Re1 Qe6 36. Qb3 Qf7 37. dxe5 fxe5 38. Re2 Kh8 39. e4 Rxc5 40.
Qxf7 Rxf7 41. Reb2 exf4 42. Rxb7 Rxb7 43. Rxb7 fxg3 44.
hxg3 Rxa5 45. Rc7 Rc5 46. Ra7 a5 47. Kf3 Kh7 48. Ke3 Kg6 49. Kd4 Rg5 50. Ra6 Rxg3 51. Rxc6+ Kf7 52. Kd5 Rd3+ 53. Ke5 a4 54. Ra6 a3 55.
Ra7+ Kg6 56. Ra6+ Kg5 57. Ke6 h5 58. e5 h4 59. Kf7 h3 60. Kxg7 h2 61. Rg6+ Kf5 62.
Rh6 a2 63. Rxh2 a1=Q 0-1

[Event "*** Titled Tuesday Blitz"]
[Site "Chess.com"]
[Date "2020.05.12"]
[Round "1"]
[White "profofchess"]
[Black "platy3"]
[Result "1-0"]
[WhiteElo "2415"]
[BlackElo "2738"]
[TimeControl "180+1"]
[EndTime "10:08:02 PDT"]
[Termination "profofchess won by resignation"]

1. e4 c5 2. Nf3 d6 3. c3 Nf6 4.
Bc4 e6 5. Qe2 Be7 6. Bb3 O-O 7.
O-O b6 8. Rd1 Bb7 9. d3 Nbd7 10.
Nbd2 Qc7 11. Nf1 Rfe8 12. Ng3 Bf8 13. d4 Rad8 14. Bf4 Qb8 15. a4 Qa8 16. Bc2 cxd4 17. cxd4 e5 18. dxe5 dxe5 19. Bg5 h6 20. Bxf6 Nxf6 21.
a5 Bc5 22. axb6 Bxb6 23. Nh4 Rxd1+ 24. Rxd1 Rd8 25. Rxd8+ Qxd8 26. Nhf5 g6 27. Nxh6+ Kg7 28. Ng4 Nxg4 29. Qxg4 Qd2 30. Qe2 Qc1+ 31. Qd1 Qxb2 32. h4 Qd4 33. Qf3 Qd2 34. Bb3 Qc1+ 35. Kh2 Qf4 36. Kg1 f5 37. Qxf4 exf4 38. Ne2 fxe4 39. Nxf4 e3 40. Ne6+ Kf6 41. fxe3 Bxe3+ 42. Kf1 a5 43.
Ke2 Bb6 44. g4 Bc6 45. Kd3 Bb5+ 46. Ke4 a4 47. Ba2 Bd7 48. g5+ Ke7 49. Nf4 Bf5+ 50.
Kf3 Bc7 51. h5 Bxf4 52. Kxf4 Be6 53. h6 Bg8 54. Bxg8 Kf8 55. Ba2 a3 56. Ke5 1-0

[Event "*** Titled Tuesday Blitz"]
[Site "Chess.com"]
[Date "2020.05.12"]
[Round "1"]
[White "Chichin_chao"]
[Black "Aygehovit1992"]
[Result "0-1"]
[WhiteElo "2359"]
[BlackElo "2699"]
[TimeControl "180+1"]
[EndTime "10:08:02 PDT"]
[Termination "Aygehovit1992 won by resignation"]

1. e4 d6 2. d4 g6 3. Nc3 Bg7 4. Nf3 Nf6 5. Bc4 O-O 6. O-O Bg4 7. h3 Bxf3 8. Qxf3 Nc6 9. Be3 e5 10. dxe5 Nxe5 11. Qe2 Nxc4 12. Qxc4 Re8 13. f3 d5 14. Qd3 dxe4 15. fxe4 Qe7 16. Qc4 c6 17. Bc5 Qe6 18. Qxe6 Rxe6 19. Rad1 b6 20. Bd4 Rae8 21. e5 Nd7 22.
Ne4 Nxe5 23. Ng5 Rd6 24. Bxe5 Rxd1 25. Rxd1 Bxe5 26. b3 Bg3 27. Nf3 Re2 28. Rd2 Rxd2 29. Nxd2 f5 30. Kf1 Kf7 31. Ke2 Ke6 32. Nf3 h6 33. Kd3 c5 34. c4 g5 35. Ke3 Be5 36. Ne1 Bd4+ 37. Kf3 h5 38. Nd3 Be5 39.
Nf2 g4+ 40. hxg4 hxg4+ 41. Ke2 Bd6 42. Nd3 Kf6 43. Ke3 Kg5 44. Kf2 f4 45. Ke2 Kf5 46. Nf2 Be5 47. Nd3 Bd4 48. Ne1 Ke4 49. Nc2 f3+ 50. gxf3+ gxf3+ 51. Kf1 Bc3 52. Na3 a6 53. Nc2 Kd3 54. Na3 Bb4 0-1

[Event "*** Titled Tuesday Blitz"]
[Site "Chess.com"]
[Date "2020.05.12"]
[Round "1"]
[White "14Sokol88"]
[Black "Zubrrr"]
[Result "1/2-1/2"]
[WhiteElo "2360"]
[BlackElo "2671"]
[TimeControl "180+1"]
[EndTime "10:08:02 PDT"]
[Termination "Game drawn by repetition"]

1. e4 c5 2. Nf3 d6 3. Bb5+ Nd7 4. d4 cxd4 5. Qxd4 e5 6. Qd3 h6 7. Nfd2 Nf6 8. Nc4 Qc7 9. Nc3 Be7 10. O-O O-O 11.
Bxd7 Bxd7 12. Ne3 Be6 13. Rd1 a6 14. a4 Rfe8 15. Bd2 Bf8 16. Be1 Rac8 17. a5 Qc5 18. f3 d5 19. exd5 Nxd5 20. Nxd5 Bxd5 21. Qxd5 Qxe3+ 22. Bf2 Qg5 23. Qd2 Qg6 24. c3 e4 25.
fxe4 Rxe4 26. Re1 Rce8 27. Rxe4 Rxe4 28. Re1 Rxe1+ 29. Bxe1 Bc5+ 30. Kf1 Qf5+ 31. Ke2 Qh5+ 32. Kf1 Qxh2 33. Qd8+ Kh7 34. Qd3+ g6 35. Qd5 Qf4+ 36.
Ke2 Qg4+ 37. Kd3 Qd1+ 38. Bd2 Qf1+ 39. Kc2 Qf5+ 40. Qxf5 gxf5 41. b4 Bf2 42. Kd3 h5 43. Ke2 Bg3 44. Kf3 Be5 45. c4 Kg6 46. b5 Kf6 47. Ke3 Ke6 48. Kd3 Kd7 49. Bb4 Ke6 50.
Ke3 Kd7 51. Kd3 Ke6 52. Ke3 Kd7 53. Kd3 1/2-1/2

[Event "*** Titled Tuesday Blitz"]
[Site "Chess.com"]
[Date "2020.05.12"]
[Round "1"]
[White "NicoChasin"]
[Black "frankshar"]
[Result "0-1"]
[WhiteElo "2637"]
[BlackElo "2347"]
[TimeControl "180+1"]
[EndTime "10:08:02 PDT"]
[Termination "frankshar won by checkmate"]

1. e4 c6 2. d4 d5 3. exd5 cxd5 4. Bd3 Nc6 5. c3 g6 6. Qc2 Nh6 7. Nf3 Bf5 8. Bxf5 Nxf5 9. Bf4 Bg7 10. O-O O-O 11.
Nbd2 Rc8 12. Qb3 Na5 13. Qb4 Qb6 14. Qxb6 axb6 15. Rfe1 e6 16. g4 Ne7 17. Kg2 Rfd8 18. Ne5 b5 19. a4 bxa4 20. Rxa4 b6 21. Nd3 Nc4 22. b3 Nxd2 23. Bxd2 Nc6 24. Ra6 Rb8 25.
Bf4 Rb7 26. h4 Na5 27. Rb1 Rc8 28. Bd2 Kf8 29. h5 Ke8 30. Kf3 Kd7 31. h6 Bf8 32.
Ne5+ Ke8 33. g5 Bd6 34. Ng4 Be7 35. Ke2 Nc6 36. Kd3 b5 37. Rba1 b4 38. c4 dxc4+ 39.
bxc4 b3 40. Ra8 Rcb8 41. Rxb8+ Rxb8 42. Rb1 Kd7 43. d5 exd5 44. cxd5 Nb4+ 45. Bxb4 Rxb4 46. Ne5+ Kd6 47. Nxf7+ Kxd5 48. Kc3 Rf4 49. Nh8 Bxg5 50.
Rxb3 Bf6+ 51. Kc2 Rxf2+ 52. Kd1 Bxh8 53. Rb7 Bc3 54. Rxh7 Rh2 55. Rd7+ Ke6 56. Rc7 Be5 57. Rh7 Bf4 58. Rg7 Rxh6 59. Ke2 Kf6 60. Ra7 g5 61. Kf3 Rh3+ 62. Kg4 Rg3+ 63. Kh5 Re3 64. Ra6+ Kf5 65. Ra5+ Be5 66. Kh6 Rh3# 0-1

[Event "*** Titled Tuesday Blitz"]
[Site "Chess.com"]
[Date "2020.05.12"]
[Round "1"]
[White "PawnEatingZombie"]
[Black "FedaMaster"]
[Result "0-1"]
[WhiteElo "2178"]
[BlackElo "2528"]
[TimeControl "180+1"]
[EndTime "10:08:03 PDT"]
[Termination "FedaMaster won on time"]

1. d4 Nf6 2. c4 g6 3. Nc3 d5 4. cxd5 Nxd5 5. e4 Nxc3 6. bxc3 Bg7 7. Bg5 c5 8. Rc1 Qa5 9. Qd2 h6 10. Be3 cxd4 11. cxd4 Qxd2+ 12. Kxd2 O-O 13. Nf3 Rd8 14. Bb5 a6 15. Ba4 b5 16. Bb3 Bb7 17. d5 Nc6 18.
Ke2 Na5 19. Rc7 Kf8 20. Bc5 Re8 21. Bb6 Nxb3 22. Rxb7 Na1 23. Rc1 Reb8 24. Rxb8+ Rxb8 25. Bd4 b4 26. Bxg7+ Kxg7 27. Rxa1 b3 28. axb3 Rxb3 29. Rxa6 Rb2+ 30. Nd2 g5 31. h3 h5 32. g3 Rc2 33. f4 Rc3 34. fxg5 Rxg3 35. h4 Rg4 36. Ra7 Kf8 37. e5 Rxh4 38. Ke3 Rh1 39. Nf3 Rd1 40.
Ke4 Rb1 41. d6 exd6 42. exd6 Ke8 43. Nd4 Re1+ 44. Kd5 h4 45. Nf5 Rd1+ 46. Ke5 h3 47.
Kf6 h2 48. Ng7+ Kd8 49. Ra8+ Kd7 50. Ra7+ Kxd6 51. Ra6+ Kc5 52. Ra5+ Kb4 0-1

[Event "*** Titled Tuesday Blitz"]
[Site "Chess.com"]
[Date "2020.05.12"]
[Round "1"]
[White "bugsbunny444"]
[Black "Msb2"]
[Result "0-1"]
[WhiteElo "2448"]
[BlackElo "2904"]
[TimeControl "180+1"]
[EndTime "10:08:04 PDT"]
[Termination "Msb2 won by resignation"]

1. Nf3 d5 2. c4 d4 3. b4 c5 4. g3 Nf6 5. Bg2 a5 6. b5 Nbd7 7. O-O e5 8. d3 Bd6 9. a4 O-O 10. Ra2 Ra7 11. Re1 b6 12. e3 Bb7 13.
Rae2 Qc7 14. Nbd2 Raa8 15. Ba3 Rae8 16. exd4 cxd4 17. Bxd6 Qxd6 18. Nxe5 Nxe5 19. Bxb7 Nxd3 20. Rxe8 Nxe8 21. Re2 Nf6 22. Ne4 Nxe4 23. Rxe4 Qa3 24.
Bd5 Nc5 25. Rxd4 Qxa4 26. Qxa4 Nxa4 27. Rf4 Nc5 28. g4 a4 29. Rf3 g6 30. g5 Kg7 31.
h4 f6 32. gxf6+ Rxf6 33. Re3 Kh6 34. Re7 Rf4 35. h5 gxh5 36. Ra7 Rf6 37. Kg2 h4 38.
Kh3 Rxf2 39. Kxh4 Kg6 40. Kg3 Ra2 41. Ra8 a3 42. Kf4 Ra1 43. Ke5 a2 44. Kd6 Nb3 45. c5 Nxc5 46. Rxa2 Rf1 47. Kc6 Rf6+ 48. Kc7 h5 49. Rg2+ Kh6 50. Rh2 Kg5 51. Bc6 Na4 52.
Ra2 Rf4 53. Kb7 h4 54. Bd7 Nc5+ 55. Kc7 Rf7 56. Rg2+ Kh5 57. Rd2 Rxd7+ 58. Rxd7 Nxd7 59. Kxd7 h3 60. Kc6 h2 61. Kxb6 h1=Q 62. Kc7 0-1

[Event "*** Titled Tuesday Blitz"]
[Site "Chess.com"]
[Date "2020.05.12"]
[Round "1"]
[White "1stSecond"]
[Black "pawel83"]
[Result "0-1"]
[WhiteElo "2671"]
[BlackElo "2373"]
[TimeControl "180+1"]
[EndTime "10:08:04 PDT"]
[Termination "pawel83 won by resignation"]

1. Nf3 Nf6 2. e3 g6 3. b3 Bg7 4. Bb2 O-O 5. c4 d6 6. Be2 c5 7.
Nc3 Nc6 8. O-O a6 9. d4 cxd4 10. Nxd4 Nxd4 11. exd4 Rb8 12. Bf3 b6 13. Re1 Bb7 14. Bxb7 Rxb7 15. Qf3 Rb8 16. Rad1 Re8 17. a4 Qd7 18. h3 Red8 19. d5 Re8 20. Re2 Qf5 21. Qxf5 gxf5 22. Rde1 Kf8 23. g3 Nd7 24. Nd1 Bxb2 25. Rxb2 Nc5 26. Re3 b5 27. cxb5 axb5 28.
a5 b4 29. Rf3 e6 30. Rd2 Ke7 31. Nb2 Ne4 32. Re2 Rec8 33. Nc4 Rc5 34. dxe6 fxe6 35. g4 d5 36. gxf5 Rg8+ 37. Kf1 Ng5 38. Rg3 dxc4 39. h4 c3 40. Rc2 Rxf5 41. hxg5 Rgxg5 42. Rxg5 Rxg5 43. Ra2 Rg8 44. Ke2 Kd6 45. a6 Kc5 46. a7 Ra8 47.
Kd3 h5 48. f4 h4 49. Rh2 Rxa7 50. Rxh4 Rd7+ 51. Ke3 c2 52. Rh5+ Kb6 53. Rh1 0-1

[Event "*** Titled Tuesday Blitz"]
[Site "Chess.com"]
[Date "2020.05.12"]
[Round "1"]
[White "Biranidun"]
[Black "JozefKneht"]
[Result "0-1"]
[WhiteElo "2668"]
[BlackElo "2371"]
[TimeControl "180+1"]
[EndTime "10:08:04 PDT"]
[Termination "JozefKneht won by resignation"]

1. e4 e5 2. Nf3 Nc6 3. Bb5 a6 4. Ba4 Nf6 5. O-O Be7 6. Re1 b5 7. Bb3 d6 8. c3 O-O 9. h3 Na5 10.
Bc2 c5 11. d4 Nd7 12. Nbd2 cxd4 13. cxd4 Nc6 14. d5 Nb4 15. Bb1 a5 16. a3 Na6 17. b4 Nb6 18. Qb3 Bd7 19. Bd3 Nc7 20. Ra2 Kh8 21. Rc2 f5 22. exf5 Bxf5 23. Bxf5 Rxf5 24.
Ne4 axb4 25. axb4 Ncxd5 26. Rd1 Qg8 27. Rc6 Nc4 28. Ng3 Rff8 29. Qb1 Nf4 30. Bxf4 Rxf4 31. Ne2 Rff8 32. Nc3 Rab8 33. Qe4 Qf7 34. Nxb5 Rxb5 35. Qxc4 Qxc4 36. Rxc4 Rfb8 37. Rc7 Bf8 38. Ng5 Rxb4 39. Nf7+ Kg8 40. Nxd6 Rb1 41. Rxb1 Rxb1+ 42. Kh2 Bxd6 43. Rd7 Bb8 44. Kg3 h6 45. Kg4 Kh7 46. Kf5 Rb2 47.
f3 Rxg2 48. h4 Rf2 49. Ke4 Rh2 50. Rb7 Rxh4+ 51. Kd5 Rf4 52. Rxb8 Rxf3 53. Kxe5 Rf6 54. Rb4 h5 55. Rh4 Kh6 56. Rh1 Rf8 57. Ke6 g5 58. Ke7 Rf2 0-1

[Event "*** Titled Tuesday Blitz"]
[Site "Chess.com"]
[Date "2020.05.12"]
[Round "1"]
[White "SaySpade4VIP"]
[Black "r31415"]
[Result "1-0"]
[WhiteElo "2640"]
[BlackElo "2322"]
[TimeControl "180+1"]
[EndTime "10:08:04 PDT"]
[Termination "SaySpade4VIP won by checkmate"]

1. e4 d6 2. d4 Nf6 3. Nc3 g6 4. f4 Bg7 5. Nf3 O-O 6. a3 Nc6 7. e5 dxe5 8. dxe5 Qxd1+ 9. Nxd1 Ne4 10. Nf2 Nxf2 11. Kxf2 Bf5 12. c3 f6 13. Bc4+ Kh8 14.
exf6 exf6 15. Be3 Rfe8 16. Rhe1 Bf8 17. b4 a6 18. a4 Rad8 19. a5 Be6 20. Bf1 Bd5 21. b5 Nb8 22. bxa6 bxa6 23. Bd4 Kg7 24. g4 Kf7 25. h3 Bd6 26. Be3 Bb7 27. Bc4+ Kf8 28. f5 g5 29. Nd4 Bc8 30. h4 h6 31.
Rab1 Bd7 32. Be6 Kg7 33. Bxd7 Rxd7 34. Ne6+ Kf7 35. Rb7 Nc6 36. hxg5 hxg5 37. Rh1 Ne5 38. Rh7+ Kg8 39. Rxd7 Nxd7 40. Ra7 Ne5 41. Rxa6 Nxg4+ 42.
Kf3 Nh6 43. Nd4 Re5 44. Ra8+ Kf7 45. a6 Nxf5 46. Bf2 Ne7 47. a7 Ra5 48. Nb3 Ra3 49.
Rh8 Rxb3 50. a8=Q Rxc3+ 51. Kg2 Ng6 52. Qe8+ Kg7 53. Qg8# 1-0

[Event "*** Titled Tuesday Blitz"]
[Site "Chess.com"]
[Date "2020.05.12"]
[Round "1"]
[White "agrigo3"]
[Black "tacticthunder"]
[Result "0-1"]
[WhiteElo "2291"]
[BlackElo "2610"]
[TimeControl "180+1"]
[EndTime "10:08:04 PDT"]
[Termination "tacticthunder won on time"]

1. Nf3 Nf6 2. g3 b5 3. Bg2 Bb7 4. O-O e6 5. d3 c5 6. e4 Be7 7.
e5 Nd5 8. c4 Nc7 9. Qe2 O-O 10.
Nc3 a6 11. Ne4 d6 12. exd6 Bxd6 13. Nxd6 Qxd6 14. Bf4 Qb6 15. d4 Nd7 16. Ne5 Nxe5 17. Bxb7 Qxb7 18. Bxe5 cxd4 19. Bxd4 bxc4 20. Qxc4 Nd5 21.
Rac1 Qb5 22. Rfd1 Rfd8 23. a4 Qxc4 24. Rxc4 Rab8 25. Rdc1 f6 26. R1c2 Nb4 27. R2c3 e5 28. Ba7 Rb7 29. Rc8 Rxc8 30. Rxc8+ Kf7 31. Bc5 Nd3 32.
Rf8+ Kg6 33. Ba3 Nxb2 34. Bxb2 Rxb2 35. Ra8 Rb6 36. h4 Kf5 37. Kg2 h5 38. Rg8 g6 39.
Ra8 Ke4 40. Ra7 Kd5 41. Rg7 f5 42. Rc7 Kd6 43. Ra7 Kc5 44. a5 Rd6 45. Rb7 e4 46. Kg1 Kd4 47. Kg2 Ke5 48. Re7+ Kd5 49. Rb7 Kc6 50.
Rb8 Kc5 51. Rb7 Rd2 52. Rb6 e3 0-1

[Event "*** Titled Tuesday Blitz"]
[Site "Chess.com"]
[Date "2020.05.12"]
[Round "1"]
[White "salomez"]
[Black "Niclox"]
[Result "0-1"]
[WhiteElo "2228"]
[BlackElo "2559"]
[TimeControl "180+1"]
[EndTime "10:08:04 PDT"]
[Termination "Niclox won on time"]

1. e4 c5 2. Nf3 d6 3. d4 cxd4 4. Nxd4 Nf6 5. Nc3 g6 6. Be3 Bg7 7. f3 O-O 8. Qd2 Nc6 9. O-O-O Nxd4 10. Bxd4 Be6 11. h4 Qa5 12. Kb1 Rfc8 13. Nd5 Qxd2 14.
Nxf6+ Bxf6 15. Rxd2 Bxd4 16. Rxd4 h6 17. Be2 Rc5 18.
c3 Kg7 19. Rhd1 g5 20. hxg5 hxg5 21. Rh1 Rh8 22. Rxh8 Kxh8 23. a3 Kg7 24. Kc2 Rc8 25. Rd1 Rh8 26. c4 Kf6 27. Kc3 Ke5 28. Rg1 Kf4 29. Kd3 Kg3 30. Ke3 Rh2 31. Bf1 b6 32. b4 Rh8 33. Bd3 Rc8 34. Rc1 Kxg2 35. f4 gxf4+ 36.
Kxf4 Rg8 37. e5 Rg4+ 38. Ke3 dxe5 39. Be4+ Kh3 40. c5 bxc5 41. bxc5 f5 42. Bf3 Ra4 43.
Rc3 Kh4 44. c6 f4+ 45. Kf2 e4 46. Bd1 e3+ 47. Kf3 Bg4+ 48. Kg2 Bxd1 49. c7 Bg4 50. Rc6 f3+ 51. Kf1 Rxa3 52. Rh6+ Kg5 0-1

[Event "*** Titled Tuesday Blitz"]
[Site "Chess.com"]
[Date "2020.05.12"]
[Round "1"]
[White "HanSchut"]
[Black "elohunter1999"]
[Result "0-1"]
[WhiteElo "2207"]
[BlackElo "2547"]
[TimeControl "180+1"]
[EndTime "10:08:04 PDT"]
[Termination "elohunter1999 won on time"]

1. e4 c5 2. Nf3 e6 3. c4 Nc6 4. Nc3 Nf6 5. Be2 Be7 6. d4 cxd4 7. Nxd4 d6 8. O-O O-O 9. Be3 Bd7 10. Qd2 a6 11.
Rac1 Rc8 12. f3 Ne5 13. b3 Ng6 14. Rfd1 Qc7 15. Bf1 Qb8 16. Qf2 h5 17. a4 h4 18.
a5 Nh5 19. Nde2 Bd8 20. Bb6 Bg5 21. Be3 Bxe3 22. Qxe3 Bc6 23. b4 Qc7 24. Nd5 exd5 25. cxd5 Qe7 26. dxc6 bxc6 27. Qb6 Qg5 28. Rxc6 Rxc6 29.
Qxc6 Qe3+ 30. Kh1 Rb8 31. Qc1 Qf2 32. Qd2 Rb5 33. Nd4 Qxd2 34. Rxd2 Rxb4 35. Rd1 Ra4 36. Nf5 Rxa5 37. Nxd6 Ra2 38. Nf5 a5 39. Bc4 Rc2 40. Bb3 Rb2 41. Bd5 Nhf4 42. Nd6 Nxd5 43. exd5 Nf4 44.
Ne4 Nxd5 45. h3 Ne3 46. Rc1 Nxg2 47. Nd6 Nf4 48. Nf5 Nxh3 49. Nxh4 Nf4 50. Nf5 g6 51. Ne7+ Kg7 52. Nc6 a4 53. Ne5 a3 54. Ra1 a2 55.
Nd3 Rb1+ 0-1

[Event "*** Titled Tuesday Blitz"]
[Site "Chess.com"]
[Date "2020.05.12"]
[Round "1"]
[White "diskeleven"]
[Black "relaxx87"]
[Result "0-1"]
[WhiteElo "2340"]
[BlackElo "2664"]
[TimeControl "180+1"]
[EndTime "10:08:05 PDT"]
[Termination "relaxx87 won by checkmate"]

1. d4 d5 2. c4 c6 3. Nf3 Nf6 4. Qc2 dxc4 5. Qxc4 Bg4 6. Nbd2 e6 7.
g3 Nbd7 8. Bg2 Be7 9. O-O O-O 10. Qb3 Qb6 11. Nc4 Qxb3 12. axb3 Nd5 13. e4 Nb4 14.
Bf4 f6 15. Bd6 Bxd6 16. Nxd6 b6 17. h3 Bxf3 18. Bxf3 Rfd8 19. Rfd1 e5 20. Nf5 exd4 21. Nxd4 Ne5 22. Be2 c5 23. Nb5 a6 24. Nc7 Rxd1+ 25. Rxd1 Ra7 26. Nd5 Nxd5 27. Rxd5 Kf8 28. f4 Nf7 29. h4 Ke7 30. h5 a5 31. Bb5 Nd6 32.
Bd3 h6 33. e5 fxe5 34. Rxe5+ Kf6 35. g4 a4 36. bxa4 Rxa4 37. Rd5 Ke6 38. Re5+ Kf6 39. Bf5 Nxf5 40. Rxf5+ Ke6 41. Re5+ Kd6 42. Re2 Rb4 43. Rf2 Kd5 44. g5 Ke6 45. f5+ Kf7 46.
f6 Rg4+ 47. Kf1 Rxg5 48. fxg7+ Kxg7 49. Ke1 Rxh5 50. Kd2 Rh4 51. Kc3 Kg6 52. Rd2 Rb4 53. Rd6+ Kg5 54. Rd5+ Kg4 55. Rd6 h5 56. Rd8 h4 57. Rg8+ Kf3 58. Rf8+ Kg3 59. Rh8 h3 60. Rg8+ Rg4 61. Rf8 h2 62. Rh8 Rh4 63. Rg8+ Kf2 64.
Rf8+ Ke2 65. Re8+ Kd1 66. Rf8 h1=Q 67. Rg8 Qd5 68. Rf8 Qd4+ 69. Kb3 Qc4+ 70. Ka3 Qa4# 0-1

[Event "*** Titled Tuesday Blitz"]
[Site "Chess.com"]
[Date "2020.05.12"]
[Round "1"]
[White "dosto07"]
[Black "tioloko"]
[Result "0-1"]
[WhiteElo "2260"]
[BlackElo "2619"]
[TimeControl "180+1"]
[EndTime "10:08:05 PDT"]
[Termination "tioloko won on time"]

1. e4 c6 2. d4 d5 3. Nc3 dxe4 4.
Nxe4 Bf5 5. Ng3 Bg6 6. h4 h6 7. Nf3 Nd7 8. h5 Bh7 9. Bd3 Bxd3 10. Qxd3 e6 11. Bd2 Ngf6 12. O-O-O Qc7 13. Ne4 O-O-O 14. g3 Nxe4 15. Qxe4 Nf6 16. Qe2 Bd6 17. c4 Rhe8 18.
Bc3 Kb8 19. Kb1 Ka8 20. Ne5 Qe7 21. f4 Nd7 22. a3 f6 23. Ng6 Qf7 24. Rhe1 Bc7 25. Qf3 Nf8 26. Nxf8 Qxf8 27. Re2 Qf7 28. Rde1 a6 29. Qg4 f5 30. Qg6 Qf8 31. Rxe6 Rxe6 32.
Qxe6 Kb8 33. Qe7 Qg8 34. Qe6 Qf8 35. d5 Qc5 36. dxc6 bxc6 37. Bxg7 Qf2 38. Bc3 Qxg3 39. Qxc6 Qxf4 40. Qxa6 Qf2 41. Qb5+ Kc8 42. Qa6+ Kb8 43. Qe6 f4 44. Qe2 Qg3 45. Ka2 f3 46. Qe4 f2 47. Rf1 Qg1 48. Qe2 Bg3 49. c5 Rg8 0-1

[Event "*** Titled Tuesday Blitz"]
[Site "Chess.com"]
[Date "2020.05.12"]
[Round "1"]
[White "TenisMaster"]
[Black "jerry_77"]
[Result "0-1"]
[WhiteElo "2859"]
[BlackElo "2460"]
[TimeControl "180+1"]
[EndTime "10:08:06 PDT"]
[Termination "jerry_77 won on time"]

1. d4 Nf6 2. Bg5 d5 3. Bxf6 exf6 4. e3 c6 5. g3 Bd6 6. Bg2 O-O 7. Nd2 Re8 8. Ne2 Nd7 9. c4 dxc4 10. Nxc4 Bb4+ 11.
Nc3 Nb6 12. Nd2 f5 13. O-O h6 14. a3 Bf8 15. b4 a5 16. Rb1 axb4 17. axb4 Ra3 18.
Qc1 Ra8 19. Qc2 Be6 20. Rfd1 Qf6 21. b5 cxb5 22. Rxb5 Nc4 23. Nd5 Bxd5 24. Bxd5 Na3 25. Qb3 Nxb5 26. Qxb5 Rad8 27. Nf3 f4 28. gxf4 Qf5 29.
Bxf7+ Qxf7 30. Ne5 Qf5 31. Qb3+ Kh7 32. Kh1 Rxe5 33.
dxe5 Qe4+ 34. Kg1 Qg6+ 35. Kf1 Rxd1+ 36. Qxd1 b5 37. Qd5 b4 38. e6 Qb1+ 39. Kg2 Qg6+ 40. Kf3 Qf6 41. e4 Qc3+ 42. Kg4 Qf6 43. h4 b3 44.
Qxb3 Be7 45. Qd5 Qxh4+ 46. Kf3 Qh3+ 47. Ke2 Qg4+ 48. Ke3 Qh3+ 49. Ke2 Qg4+ 50. Ke3 Qg6 51. Ke2 h5 52. e5 h4 53. Qf3 Qh6 54. Qg4 h3 55.
Qf5+ Kh8 56. Qe4 h2 57. Qa8+ Kh7 58. Qe4+ Qg6 0-1